 Dungeon Crawl Stone Soup version 0.25-a0-460-g4f2eb97ec1 (webtiles) character file.

Game seed: 5577666846291325999, levelgen mode: deterministic

3489 asdasdasdasha the Grappler (level 9, -14/88 HPs)
             Began as a Troll Berserker on Feb 3, 2020.
             Was an Elder of Trog.
             Demolished by Harold
             ... wielding a +0 flail
              (18 damage)
             ... on level 8 of the Dungeon.
             The game lasted 00:11:49 (5504 turns).

asdasdasdasha the Grappler (Troll Berserker)        Turns: 5504, Time: 00:11:50

Health: -14/88     AC:  6    Str: 27    XL:     9   Next: 80%
Magic:  8/8        EV: 12    Int:  3    God:    Trog [****..]
Gold:   404        SH:  0    Dex: 12    Spells: 8/8 levels left

rFire    . . .     SeeInvis .     - Unarmed
rCold    . . .     Gourm    +   (no shield)
rNeg     . . .     Faith    .   a - +0 animal skin
rPois    .         Spirit   .   (helmet restricted)
rElec    .         Reflect  .   (no cloak)
rCorr    .         Harm     .   (gloves unavailable)
MR       .....                  (boots unavailable)
Stlth    +.........             (no amulet)
HPRegen  0.64/turn              (no ring)
MPRegen  0.11/turn              (no ring)

@: marked, berserk cooldown, slowed, very slow
A: large, unfitting armour, claws 3, fast metabolism 3, gourmand, regeneration
1, shaggy fur 1, tough skin 3
a: Berserk, Trog's Hand, Brothers in Arms, Renounce Religion


You were on level 8 of the Dungeon.
You worshipped Trog.
Trog was greatly pleased with you.
You were not hungry.

You visited 1 branch of the dungeon, and saw 8 of its levels.

You collected 404 gold pieces.

Inventory:

Armour
 a - a +0 animal skin (worn)
Wands
 d - a wand of flame (37)
 i - a wand of disintegration (10)
 o - a wand of digging (8)
Scrolls
 g - a scroll of noise {unknown}
 h - 4 scrolls of teleportation
 j - a scroll of magic mapping {unknown}
 k - a scroll of blinking {unknown}
 n - a scroll of fear {unknown}
 r - a scroll of torment {unknown}
 t - a scroll of fog {unknown}
 u - a scroll of silence {unknown}
 v - a scroll of remove curse
Potions
 c - a potion of invisibility {unknown}
 e - a potion of flight {unknown}
 f - 2 potions of might {unknown}
 l - 2 potions of heal wounds
 m - 3 potions of agility {unknown}
 p - a potion of berserk rage
 q - a potion of cancellation {unknown}
 s - 2 potions of degeneration {unknown}
Comestibles
 b - 12 rations


   Skills:
 * Level 5.4 Fighting
 + Level 4.8 Dodging
 - Level 0.3 Stealth
 * Level 11.8 Unarmed Combat


You had 8 spell levels left.
You didn't know any spells.
Your spell library contained the following spells:

 Spells                   Type           Power        Failure   Level  Hunger
 Freeze                   Ice            #...         52%         1    ##.....
 Ozocubu's Armour         Chrm/Ice       #.......     88%         3    ####...
 Hailstorm                Conj/Ice       #.......     99%         4    #####..
 Summon Ice Beast         Ice/Summ       #.......     99%         4    #####..


Dungeon Overview and Level Annotations

Branches:
Dungeon (8/15)             Temple (0/1) D:4
   Lair: D:8-11

Altars:
Cheibriados
Dithmenos
Fedhas
Nemelex Xobeh
Qazlal
Trog
Vehumet
Wu Jian
Xom
Yredelemnul

Annotations:
D:8 Harold, Psyche


Innate Abilities, Weirdness & Mutations

You are too large for most types of armour.
You have claws for hands.
Your metabolism is lightning-fast.
You like to eat raw meat.
Your natural rate of healing is unusually fast.
You are covered in fur. (AC +1)
You have extremely tough skin. (AC +3)


Message History

You barely resist.
The orc warrior hits you with a +0 dire flail.
* * * LOW HITPOINT WARNING * * *
Okay, then.
You enter the shallow water.
Moving in this stuff is going to be slow.
A jackal comes into view.
Harold points at you and mumbles some strange words.
You barely resist.
Psyche the Insane Magess comes into view.
She is wielding a +1 dagger of chaos and wearing a +2 robe of positive energy.
A warg comes into view.
Harold hits you with a +0 flail.
* * * LOW HITPOINT WARNING * * *
Things that are here:
a throwing net; a sky beast corpse You scratch Harold but do no damage.
Psyche says, "Please, could you die a little faster?"
An orc wizard comes into view. It is wielding a +0 dagger.
Harold hits you with a +0 flail!!
You die...

.(....##.....##...#.....
.......+.....'..........
####.###.....#.†........
.# ##+####.††....... .#
#..†....... #..###.###.
#..#§...☼# ##.#.....#.
#.@.._.... #@#.....#.
#h#§....#
......ho###.###
....h.ooo ... ....@hoo..
... ...h....... ..#
##.o.....##. ...
#.......# ..


You could see Harold, Psyche, 3 wargs, an orc warrior, 2 orc wizards, 3 orcs and
a jackal.

Vanquished Creatures
  6 yaks (D:8)
  Eustachio (D:6)
  A hungry ghost (D:7)
  A water moccasin (D:7)
  2 sky beasts
  2 black bears (D:7)
  A phantom (D:2)
  A necrophage (D:7)
  2 centaurs
  3 ogres (D:4)
  2 scorpions (D:5)
  4 killer bees (D:8)
  3 howler monkeys (D:7)
  2 crimson imps
  4 hounds
  5 orc wizards
  2 orc priests (D:4)
  A centaur skeleton (D:4)
  A jelly (D:5)
  Natasha (thrice) (D:2)
  An iguana (D:6)
  3 worker ants
  2 hound skeletons
  A worker ant zombie (D:5)
  8 gnolls
  8 adders
  2 adder zombies
  An ooze (D:4)
  An adder skeleton (D:5)
  A worm (D:4)
  3 dart slugs
  6 leopard geckos
  4 orcs
  2 ball pythons
  4 bats
  4 giant cockroaches
  6 goblins
  9 hobgoblins
  8 jackals
  2 quokkas
  A ball python skeleton (D:6)
  4 frilled lizards
  A jackal zombie (D:5)
  6 kobolds
  4 rats
139 creatures vanquished.

Vanquished Creatures (others)
  An adder (D:2)
  A quokka (D:2)
2 creatures vanquished.

Grand Total: 141 creatures vanquished

Notes
Turn   | Place    | Note
-------+----------+-------------------------------------------
     0 | D:1      | asdasdasdasha the Troll Berserker began the quest for the
                  | Orb.
     0 | D:1      | Reached XP level 1. HP: 22/22 MP: 0/0
   175 | D:1      | Reached XP level 2. HP: 28/29 MP: 1/1
   407 | D:1      | Reached ** piety under Trog
   466 | D:1      | Reached XP level 3. HP: 35/36 MP: 2/2
   609 | D:2      | Noticed a phantom
   648 | D:2      | Killed a phantom
   648 | D:2      | Reached skill level 4 in Unarmed Combat
   648 | D:2      | Reached XP level 4. HP: 41/45 MP: 3/3
   666 | D:2      | Noticed Natasha
   676 | D:2      | Killed Natasha
   676 | D:2      | Reached XP level 5. HP: 43/53 MP: 4/4
   681 | D:2      | Found a shadowy altar of Dithmenos.
   806 | D:2      | Found a sparkling altar of Nemelex Xobeh.
   976 | D:2      | Reached skill level 5 in Unarmed Combat
  1185 | D:2      | Noticed Natasha
  1191 | D:2      | Killed Natasha
  1241 | D:2      | Noticed Natasha
  1249 | D:2      | Killed Natasha
  1249 | D:2      | Reached XP level 6. HP: 57/61 MP: 5/5
  1678 | D:3      | Reached *** piety under Trog
  2131 | D:4      | Found a staircase to the Ecumenical Temple.
  2214 | D:4      | Reached skill level 6 in Unarmed Combat
  2397 | D:4      | Found a basalt altar of Yredelemnul.
  2506 | D:4      | Reached XP level 7. HP: 53/68 MP: 6/6
  2897 | D:4      | Reached skill level 7 in Unarmed Combat
  3153 | D:5      | Entered Level 5 of the Dungeon
  3223 | D:5      | Found a shimmering altar of Xom.
  3435 | D:5      | Reached skill level 8 in Unarmed Combat
  3435 | D:5      | Reached XP level 8. HP: 60/78 MP: 7/7
  3524 | D:5      | Found a radiant altar of Vehumet.
  4041 | D:6      | Reached skill level 9 in Unarmed Combat
  4100 | D:6      | Noticed Eustachio
  4119 | D:6      | Killed Eustachio
  4132 | D:6      | HP: 3/79 [poisoned by Eustachio]
  4137 | D:6      | HP: 2/79 [poisoned by Eustachio]
  4142 | D:6      | HP: 2/79 [poisoned by Eustachio]
  4451 | D:6      | Found an ornate altar of the Wu Jian Council.
  4452 | D:6      | Found a snail-covered altar of Cheibriados.
  4654 | D:7      | Found a bloodstained altar of Trog.
  4662 | D:7      | Reached skill level 10 in Unarmed Combat
  4761 | D:7      | Reached XP level 9. HP: 85/85 MP: 8/8
  4971 | D:7      | Found a sand-covered staircase.
  5276 | D:7      | Reached **** piety under Trog
  5375 | D:8      | HP: 3/87 [poisoned by a killer bee]
  5440 | D:8      | Found a blossoming altar of Fedhas.
  5463 | D:8      | Reached skill level 5 in Fighting
  5463 | D:8      | Reached skill level 11 in Unarmed Combat
  5487 | D:8      | Found a stormy altar of Qazlal.
  5489 | D:8      | Noticed Harold
  5502 | D:8      | Noticed Psyche
  5502 | D:8      | HP: 3/88 [Harold/+0 flail (4)]
  5504 | D:8      | Demolished by Harold

Levels and vault maps discovered:
D:1:      minmay_arrival_jagged, layout_rooms, chequers_garden,
          minmay_fountain_box
D:2:      layout_basic, nemelex_altar_shiori, overflow_temple_1_default,
          lemuel_old_faithful, uniq_natasha
D:3:      layout_basic, first_ration
D:4:      layout_loops_corners, overflow_temple_1_default,
          minmay_temple_entry_tees, kennysheep_generic_room_10
D:5:      layout_loops_cross, old_standard_altar, vehumet_altar_wand_db
D:6:      layout_basic, gammafunk_temple_overflow_statue,
          grunt_decor_one_mirror, uniq_eustachio
D:7:      layout_gridville, trog_ov_bears_minmay, nicolae_ossuary_entry_plus
D:8:      layout_basic, grunt_qazlal_clouds, kennysheep_mini,
          kiku_gazebo_pond_becter, erik_lair_orcish_takeover, uniq_harold,
          uniq_gastronok, uniq_psyche

Skill      XL: |  1  2  3  4  5  6  7  8  9 |
---------------+----------------------------+-----
Fighting       | 3 4 5 |  5.4
Dodging        | 3 4 |  4.8
Unarmed Combat | 4 5 6 8 10 11 | 11.8
Stealth        | |  0.3

Action                   |  1- 3 |  4- 6 |  7- 9 || total
-------------------------+-------+-------+-------++-------
Melee: Unarmed           |    93 |   143 |   186 ||   422
       Punch             |       |     4 |    12 ||    16
Invok: Berserk           |       |       |     2 ||     2
  Use: Scroll            |       |     3 |     1 ||     4
       Potion            |       |       |     2 ||     2
 Stab: Sleeping          |       |     1 |       ||     1
       Distracted        |       |       |     1 ||     1
  Eat: Chunk             |    11 |    18 |    22 ||    51
Armor: Animal skin       |    41 |    41 |    51 ||   133
Dodge: Dodged            |    67 |    60 |   107 ||   234

Table legend:
 A = Non-vault XP
 B = Vault XP
 C = Vault XP percentage of total XP
 D = Non-vault monster count
 E = Vault monster count
 F = Vault count percentage of total count
                 A         B        C        D         E       F
            +---------+---------+-------+---------+---------+-------
      Total |    4482 |     503 |  10.1 |     134 |       5 |   3.6
            +---------+---------+-------+---------+---------+-------
        D:1 |      42 |       0 |   0.0 |      22 |       0 |   0.0
        D:2 |     335 |      37 |   9.9 |      26 |       1 |   3.7
        D:3 |      48 |       0 |   0.0 |      14 |       0 |   0.0
        D:4 |     589 |       0 |   0.0 |      16 |       0 |   0.0
        D:5 |     648 |       1 |   0.2 |      20 |       1 |   4.8
        D:6 |     279 |     208 |  42.7 |       8 |       1 |  11.1
        D:7 |     809 |     257 |  24.1 |      14 |       2 |  12.5
        D:8 |    1732 |       0 |   0.0 |      14 |       0 |   0.0
            +---------+---------+-------+---------+---------+-------
